 Dungeon Crawl Stone Soup version 0.27.1-37-g7b29ead8ac (webtiles) character file.

Game seed: 17736276582634352508

65 Sharkman1231 the Insei (level 3, -2/29 HPs)
             Began as a Draconian Transmuter on May 16, 2023.
             Killed by nerve-wracking pain
             ... invoked by Grinder
              (9 damage)
             ... on level 3 of the Dungeon.
             The game lasted 00:01:54 (1905 turns).

Sharkman1231 the Insei (Draconian Transmuter)       Turns: 1905, Time: 00:01:54

Health: -2/29      AC:  5    Str: 12    XL:     3   Next: 94%
Magic:  6/6        EV: 12    Int: 13    God:
Gold:   30         SH:  0    Dex: 12    Spells: 5/6 levels left

rFire    . . .     SeeInvis .     - Unarmed
rCold    . . .     Faith    .   (no shield)
rNeg     . . .     Spirit   .   (armour unavailable)
rPois    .         Reflect  .   (helmet restricted)
rElec    .         Harm     .   (no cloak)
rCorr    .         Rampage  .   (no gloves)
Will     .....                  (no boots)
Stlth    +.........             (no amulet)
HPRegen  0.09/turn              (no ring)
MPRegen  0.10/turn              (no ring)

@: about to teleport
A: AC +5, unfitting armour, cold-blooded
a: no special abilities


You were on level 3 of the Dungeon.
You visited 1 branch of the dungeon, and saw 4 of its levels.

You collected 30 gold pieces.

Inventory:

Scrolls
 a - 2 scrolls of teleportation
 d - a scroll of amnesia
Potions
 b - a potion of attraction
 c - a potion of curing {unknown}


   Skills:
 + Level 2.2 Fighting
 - Level 1.7 Dodging
 * Level 4.0 Unarmed Combat
 - Level 2.0 Spellcasting
 + Level 2.7 Transmutations


You had 5 spell levels left.
You knew the following spells:

 Your Spells              Type           Power      Damage    Failure   Level
a - Beastly Appendage     Tmut           16%        N/A       9%          1

Your spell library contained the following spells:

 Spells                   Type           Power      Damage    Failure   Level
 Wereblood                Tmut           8%         N/A       13%         2
 Foxfire                  Conj/Fire      4%         2x1d4     26%         1
 Spider Form              Tmut/Pois      2%         N/A       41%         3
 Conjure Flame            Conj/Fire      1%         6-21      58%         3
 Inner Flame              Hex/Fire       1%         N/A       58%         3
 Ice Form                 Ice/Tmut       4%         N/A       82%         4


Dungeon Overview and Level Annotations

Branches:
Dungeon (4/15)
 Temple: D:4-7

Altars:

Annotations:
D:2 Robin
D:3 Grinder


Innate Abilities, Weirdness & Mutations

Your plain brown scales are hard. (AC +5)
You cannot fit into any form of body armour.
You are cold-blooded and may be slowed by cold attacks.


Message History

Grinder gestures at you.
You suddenly lose the ability to move!
Your transformation is almost over.
You can move again.
Unknown command.
Grinder closely misses you. The goblin hits you but does no damage.
You touch Grinder but do no damage.
Grinder hits you! The goblin hits you but does no damage.
You barely miss Grinder. Grinder gestures at you.
You suddenly lose the ability to move!
The goblin hits you but does no damage. Grinder hits you but does no damage.
The goblin hits you but does no damage.
You can move again.
You touch Grinder.
Grinder is lightly wounded.
Grinder misses you. The goblin hits you but does no damage.
You touch Grinder but do no damage.
Grinder is lightly wounded.
Grinder completely misses you. The goblin closely misses you.
You barely miss Grinder.
Grinder is lightly wounded.
Grinder zaps a wand.
You resist with significant effort. The goblin closely misses you.
You touch Grinder but do no damage.
Grinder is lightly wounded.
Grinder hits you but does no damage. The goblin hits you but does no damage.
You barely miss Grinder.
Grinder is lightly wounded.
Your transformation has ended.
Grinder hits you.
You writhe in agony.
The goblin barely misses you.
Unknown command.
The goblin hits you but does no damage. Grinder gestures at you.
Pain shoots through your body!
* * * LOW HITPOINT WARNING * * *
As you read the scroll of teleportation, it crumbles to dust.
You feel strangely unstable. Grinder gestures at you.
Pain shoots through your body!
You die...

#.....................
#......................
#......................
#...............?......
#......................
#......................
#......................
#..........>.g5).......
............@..........
#......................
.............#########.
#.#.#.........#
...............#
.#.#.#.........#
...............#
.#.#.#.........#
...............#


You could see Grinder and a goblin.

Vanquished Creatures
  A hound skeleton (D:3)
  An adder (D:2)
  A dart slug (D:2)
  An orc (D:3)
  5 endoplasms
  A giant cockroach (D:1)
  8 goblins
  4 hobgoblins
  4 jackals (D:1)
  4 ball pythons
  A bat (D:3)
  3 frilled lizards
  2 kobolds (D:2)
  2 rats (D:1)
38 creatures vanquished.

Notes
Turn   | Place    | Note
-------+----------+-------------------------------------------
     0 | D:1      | Sharkman1231 the Draconian Transmuter began the quest for
                  | the Orb.
     0 | D:1      | Reached XP level 1. HP: 16/16 MP: 3/3
   263 | D:1      | Reached XP level 2. HP: 23/23 MP: 3/5
   986 | D:2      | Reached XP level 3. HP: 21/29 MP: 6/6
  1299 | D:2      | Noticed Robin
  1710 | D:3      | Noticed Grinder
  1890 | D:3      | Reached skill level 4 in Unarmed Combat
  1890 | D:3      | Paralysed by Grinder for 3 turns
  1895 | D:3      | Paralysed by Grinder for 2 turns
  1905 | D:3      | Killed from afar by Grinder

Illustrated notes

Levels and vault maps discovered:
D:1:      dpeg_arrival_orchard, layout_basic
D:2:      layout_rooms, minmay_misc_feat_x, chequers_garden,
          minmay_tromino_mix6, uniq_robin
D:3:      layout_basic, tgw_fedhas, hellmonk_ecumenical_altar_inner_sanctum,
          glass_columns_b, grunt_ministairs_12, minmay_unequal, uniq_grinder
D:4:      minmay_evil_eye, layout_basic, chequers_jeans, minmay_misc_feat_tiny

Skill      XL: |  1  2  3 |
---------------+----------+-----
Fighting       | 2 |  2.2
Unarmed Combat | 4 |  4.0
Dodging        | |  1.7
Spellcasting   | |  2.0
Transmutations | |  2.7

Action                   || total
-------------------------++-------
Melee: Unarmed           ||   148
       Tailslap          ||    16
       Punch             ||     7
       Kick              ||     4
 Cast: Beastly Appendage ||     6
  Use: Scroll            ||     4
Armor: Skin              ||    52
Dodge: Dodged            ||    87
